 Dungeon Crawl Stone Soup version 0.24-a0-525-g9231cdcba1 (webtiles) character file.

Game seed: 15472445564578128256

78 DavidChitty2 the Conjurer (level 4, 0/36 HPs)
             Began as a Draconian Conjurer on Aug 1, 2019.
             Slain by a sky beast (6 damage)
             ... on level 4 of the Dungeon.
             The game lasted 00:10:06 (3315 turns).

DavidChitty2 the Conjurer (Draconian Conjurer)      Turns: 3315, Time: 00:10:07

Health: 0/36       AC:  7    Str: 11    XL:     4   Next: 15%
Magic:  7/7        EV: 12    Int: 16    God:
Gold:   75         SH:  0    Dex: 11    Spells: 1/8 levels left

rFire    . . .     SeeInvis .   b - +0 long sword
rCold    . . .     Gourm    .   (no shield)
rNeg     . . .     Faith    .   (armour unavailable)
rPois    .         Spirit   .   (helmet restricted)
rElec    .         Reflect  .   (no cloak)
rCorr    .         Harm     .   (no gloves)
MR       .....                  (no boots)
Stlth    ++........             (no amulet)
HPRegen  0.12/turn              n - +2 ring of protection
MPRegen  0.10/turn              (no ring)

@: no status effects
A: unfitting armour, cold-blooded, AC +5
a: no special abilities


You were on level 4 of the Dungeon.
You were hungry.

You visited 1 branch of the dungeon, and saw 4 of its levels.

You collected 75 gold pieces.

Inventory:

Hand Weapons
 a - a +0 short sword of venom
   (You took it off a kobold on level 3 of the Dungeon)
 b - a +0 long sword (weapon)
   (You found it on level 3 of the Dungeon)
Missiles
 r - 60 stones (quivered)
Jewellery
 n - a +2 ring of protection (left hand)
   (You found it on level 2 of the Dungeon)
Scrolls
 d - a scroll of fog {unknown}
 l - 2 scrolls of blinking
 o - 2 scrolls of remove curse {@r2}
 p - 3 scrolls of teleportation {@r4}
Potions
 c - a potion of cancellation {unknown}
 f - 3 potions of agility {unknown}
 g - a potion of degeneration {unknown}
 h - a potion of magic {unknown}
 j - 3 potions of brilliance
 k - 3 potions of curing {@q1}
 m - 2 potions of lignification {unknown}
 s - a potion of might {unknown}
 t - a potion of berserk rage {unknown}
Comestibles
 e - 6 rations {!d}


   Skills:
 + Level 1.9 Fighting
 - Level 1.7 Dodging
 - Level 1.7 Stealth
 + Level 2.6 Spellcasting
 * Level 4.9 Conjurations


You had one spell level left.
You knew the following spells:

 Your Spells              Type           Power        Failure   Level  Hunger
a - Magic Dart            Conj           ###.         2%          1    #......
s - Searing Ray           Conj           ###...       3%          2    ##.....
x - Iskenderun's Mystic   Conj           ###.....     26%         4    #####..

Your spell library contained the following spells:

 Spells                   Type           Power        Failure   Level  Hunger
 Dazzling Spray           Conj/Hex       ##....       22%         3    ###....
 Force Lance              Conj/Tloc      ##......     56%         4    #####..
 Fulminant Prism          Conj/Hex       ##........   56%         4    #####..


Dungeon Overview and Level Annotations

Branches:
Dungeon (4/15)             Temple (0/1) D:4

Altars:
Fedhas

Annotations:
D:3 exclusion: downstairs
D:4 exclusion: ogre, Edmund


Innate Abilities, Weirdness & Mutations

Your plain brown scales are hard. (AC +5)
You cannot fit into any form of body armour.
You are cold-blooded and may be slowed by cold attacks.


Message History

The orc misses you.
A sky beast appears from thin air!
Reactivating autopickup.
There is an escape hatch in the ceiling here.
The orc completely misses you. The sky beast misses you.
You riposte.
You barely miss the sky beast.
An ogre comes into view. It is wielding a -2 giant club.
The ogre shouts!
The orc closely misses you.
The sky beast flickers out of sight!
Deactivating autopickup; reactivate with Ctrl-A.
The orc barely misses you. The orc hits you with a +0 trident.
* * * LOW HITPOINT WARNING * * *
A sky beast appears from thin air!
Reactivating autopickup.
The orc wizard looks satisfied for a moment.
The sky beast flickers out of sight!
Deactivating autopickup; reactivate with Ctrl-A.
A sky beast appears from thin air!
Reactivating autopickup.
The orc wizard mumbles some strange words.
The orc wizard seems to speed up.
The orc wizard miscasts a cantrip.
The orc wizard gestures wildly while chanting.
The orc wizard flickers and vanishes!
Deactivating autopickup; reactivate with Ctrl-A.
The sky beast flickers out of sight!
A magic dart appears from out of thin air!
The magic dart hits something.
A sky beast appears from thin air!
Reactivating autopickup.
The sky beast flickers out of sight!
Deactivating autopickup; reactivate with Ctrl-A.
There is a stone staircase leading up here.
You see here a -2 ring of intelligence.
A sky beast appears from thin air!
Reactivating autopickup.
The sky beast flickers out of sight!
Deactivating autopickup; reactivate with Ctrl-A.
You hear some strange, mumbled words.
A puff of flame appears from out of thin air!
The puff of flame hits you.
* * * LOW HITPOINT WARNING * * *
Something barely misses you. Something hits you but does no damage.
There is a stone staircase leading up here.
Something barely misses you. Something hits you.
* * * LOW HITPOINT WARNING * * *
Something shocks you.
You die...

##### ##...###########
##.....##......O# *
#.......#..#***.****
#..@....#..#....,**,
#####...{........#*,,*,*
#..........##........,**
#.###.#...###.#####.#*,*
#,*##.#.###*#..,,,,,#**,
#.*#...o# *,....,,*** **
#.##....##*,.....,* *
#........##,......* *
###.......#,,.....# *


You could see an orc.

Vanquished Creatures
  2 adders
  A dart slug (D:3)
  6 orcs
  A ball python (D:1)
  6 bats
  A giant cockroach (D:3)
  5 goblins
  8 hobgoblins
  3 jackals (D:1)
  6 kobolds
  3 frilled lizards
  6 rats
48 creatures vanquished.

Notes
Turn   | Place    | Note
-------+----------+-------------------------------------------
     0 | D:1      | DavidChitty2 the Draconian Conjurer began the quest for the
                  | Orb.
     0 | D:1      | Reached XP level 1. HP: 14/14 MP: 3/3
   328 | D:1      | Reached XP level 2. HP: 22/22 MP: 1/5
   374 | D:1      | Learned a level 2 spell: Searing Ray
   839 | D:1      | Reached skill level 1 in Fighting
  1282 | D:2      | Reached XP level 3. HP: 28/28 MP: 1/6
  1359 | D:2      | Found a faded altar of an unknown god.
  1598 | D:2      | Found a blossoming altar of Fedhas.
  2438 | D:3      | Reached XP level 4. HP: 36/36 MP: 2/7
  2490 | D:3      | Learned a level 4 spell: Iskenderun's Mystic Blast
  3156 | D:4      | Noticed an ogre
  3228 | D:4      | Noticed Edmund
  3237 | D:4      | Noticed a sky beast
  3275 | D:4      | Noticed an ogre
  3315 | D:4      | Slain by a sky beast

Levels and vault maps discovered:
D:1:      dpeg_arrival_shelter, layout_basic, item_on_display_a
D:2:      layout_rooms, chequers_ecumenical_altar_island, first_ration,
          fedhas_altar_fruit_tree
D:3:      layout_loops_corners, minmay_misc_feat_doors,
          chequers_serial_rivers_micro_d, chequers_avenue
D:4:      layout_loops_cross, temple_hall, serial_glass, glass_columns_a,
          glass_columns_b, uniq_edmund, uniq_robin

Skill      XL: |  1  2 |
---------------+-------+-----
Fighting       | 1 |  1.9
Dodging        | |  1.7
Stealth        | |  1.7
Spellcasting   | |  2.6
Conjurations   | |  4.9

Action                   |  1- 3 |  4- 6 || total
-------------------------+-------+-------++-------
Melee: Club              |    24 |       ||    24
       Tailslap          |     2 |       ||     2
       Dagger            |     5 |       ||     5
       Long sword        |       |     1 ||     1
 Cast: Magic Dart        |    92 |    13 ||   105
       Searing Ray       |     1 |     1 ||     2
  Use: Scroll            |     2 |     6 ||     8
  Eat: Chunk             |     6 |     2 ||     8
Armor: Skin              |    27 |     3 ||    30
Dodge: Dodged            |    41 |    14 ||    55
       Rpst.: Long sword |       |     2 ||     2

Table legend:
 A = Non-vault XP
 B = Vault XP
 C = Vault XP percentage of total XP
 D = Non-vault monster count
 E = Vault monster count
 F = Vault count percentage of total count
                 A         B        C        D         E       F
            +---------+---------+-------+---------+---------+-------
      Total |     112 |       0 |   0.0 |      48 |       0 |   0.0
            +---------+---------+-------+---------+---------+-------
        D:1 |      32 |       0 |   0.0 |      20 |       0 |   0.0
        D:2 |      31 |       0 |   0.0 |      12 |       0 |   0.0
        D:3 |      46 |       0 |   0.0 |      15 |       0 |   0.0
        D:4 |       3 |       0 |   0.0 |       1 |       0 |   0.0
            +---------+---------+-------+---------+---------+-------
